 Dungeon Crawl Stone Soup version 0.29.1-15-g9cfb28693d (webtiles) character file.

Game seed: 10593631099353415656

130271 PhantomBowie the Warrior (level 17, -14/112 (113) HPs)
             Began as a Gargoyle Berserker on Mar 6, 2023.
             Was the Champion of Trog.
             Demolished by a boulder beetle (29 damage)
             ... on level 2 of the Lair of Beasts on Mar 7, 2023.
             The game lasted 03:31:24 (47183 turns).

PhantomBowie the Warrior (Gargoyle Berserker)      Turns: 47183, Time: 03:31:25

HP:   -14/112 (113) AC: 40    Str: 34    XL:     17   Next: 7%
MP:   17/17         EV:  8    Int: 12    God:    Trog [******]
Gold: 2766          SH: 11    Dex:  7    Spells: 16/16 levels left

rFire   . . .      SeeInvis +   U - +3 eveningstar (holy)
rCold   . . .      Faith    .   v - +0 kite shield
rNeg    + . .      Spirit   .   S - +3 crystal plate armour "Cokipta" {*Corrode rPois Int+3 SInv Stlth+}
rPois   ∞          Reflect  .   M - +0 helmet
rElec   +          Harm     .   k - +0 cloak
rCorr   +          Rampage  .   t - +0 pair of gloves
Will    +....                   E - +2 pair of boots {Fly}
Stlth   ..........              h - amulet of the acrobat
HPRegen 0.28/turn               T - +6 ring of strength
MPRegen 0.15/turn               C - ring of resist corrosion

@: corroded, flying, lightly drained
A: sickness immunity, AC +12, big wings, negative energy resistance 1,
electricity resistance, torment resistance 1, petrification resistance, clumsy 1
a: Renounce Religion, Berserk, Trog's Hand, Brothers in Arms


You were on level 2 of the Lair of Beasts.
You worshipped Trog.
Trog was exalted by your worship.
You visited 5 branches of the dungeon, and saw 24 of its levels.
You also visited: Bailey.

You collected 2970 gold pieces.
You spent 204 gold pieces at shops.

Inventory:

Hand Weapons
 u - a +0 demon whip of venom
 U - a +3 eveningstar of holy wrath (weapon)
Missiles
 w - a throwing net (quivered)
Armour
 k - a +0 cloak (worn)
 t - a +0 pair of gloves (worn)
 v - a +0 kite shield (worn)
 E - a +2 pair of boots of flying (worn)
 M - a +0 helmet (worn)
 S - the +3 crystal plate armour "Cokipta" (worn) {*Corrode rPois Int+3 SInv Stlth+}
   (You found it on level 5 of the Lair of Beasts)

   Int:       It affects your intelligence (+3).
   rPois:     It protects you from poison.
   SInv:      It lets you see invisible.
   *Corrode:  It may corrode you when you take damage.
   Stlth:     It makes you more stealthy.
Jewellery
 d - a ring of fire
 h - an amulet of the acrobat (around neck)
 y - a ring of willpower
 C - a ring of resist corrosion (right hand)
 H - a ring of willpower
 N - a +4 ring of evasion
 Q - a ring of positive energy
 T - a +6 ring of strength (left hand)
 W - a +6 ring of strength
Wands
 l - a wand of roots (17)
 O - a wand of mindburst (2)
 R - a wand of digging (8)
 V - a wand of light (4)
Scrolls
 a - 7 scrolls of magic mapping
 e - 2 scrolls of enchant armour
 i - a scroll of acquirement
 m - a scroll of fear
 n - 3 scrolls of enchant weapon
 q - 6 scrolls of noise
 r - 2 scrolls of butterflies
 s - 5 scrolls of vulnerability
 G - a scroll of blinking {unknown}
 I - 5 scrolls of teleportation
 K - 4 scrolls of immolation
 L - 3 scrolls of poison
 X - a scroll of summoning
 Y - a scroll of silence {unknown}
 Z - a scroll of identify
Potions
 b - 8 potions of attraction
 c - a potion of resistance
 f - 5 potions of heal wounds
 g - 8 potions of might
 j - a potion of cancellation
 o - 8 potions of curing
 p - 2 potions of invisibility
 x - a potion of haste
 z - 6 potions of degeneration
 A - 3 potions of ambrosia
 B - 7 potions of flight
 F - 4 potions of lignification
 J - 2 potions of mutation
Miscellaneous
 D - a lightning rod (3/4)
 P - a tin of tremorstones (2/2)


   Skills:
 + Level 15.1 Fighting
 + Level 14.0 Maces & Flails
 + Level 15.0 Armour
 + Level 11.7 Dodging
 + Level 14.5 Shields
 - Level 5.0 Evocations


You had 16 spell levels left.
You didn't know any spells.
Your spell library was empty.

Dungeon Overview and Level Annotations

Branches:
Dungeon (15/15)            Temple (1/1) D:7            Lair (5/5) D:11
 Shoals (0/4) Lair:2       Spider (1/4) Lair:2        Slime (0/5) Lair:5
    Orc (2/2) D:10            Elf (0/3) Orc:2        Vaults (0/5) D:14
 Depths (0/4) D:15         Bailey (visited)

Altars:
Ashenzari
Cheibriados
Dithmenos
Elyvilon
Fedhas
Gozag
Hepliaklqana
Kikubaaqudgha
Makhleb
Nemelex Xobeh
Okawaru
Qazlal
Ru
Sif Muna
Trog
Uskayaw
Vehumet
Wu Jian
Xom
Yredelemnul
Zin
The Shining One
Jiyva

Shops:
D:8 =   D:14 *   Orc:2 [(=*


Innate Abilities, Weirdness & Mutations

You are immune to sickness and miasma.
Your stone body is resilient. (AC +12)
You are immune to poison.
Your large and strong wings let you fly.
You resist negative energy. (rN+)
You are resistant to electric shocks. (rElec)
You are resistant to unholy torment.
You are immune to petrification.
You are clumsy. (Dex -2)


Message History

The redback bites you but does no damage.
You hit the boulder beetle but do no damage.
You block the redback's attack.
The boulder beetle bites you but does no damage.
The redback bites you but does no damage.
The boulder beetle bites you but does no damage.
You hit the boulder beetle but do no damage.
The redback misses you. You block the boulder beetle's attack.
The redback bites you!
You impale the boulder beetle!!
The boulder beetle is lightly wounded.
The redback bites you but does no damage.
The boulder beetle bites you but does no damage.
The redback bites you but does no damage.
The boulder beetle bites you!
You barely miss the boulder beetle.
The boulder beetle is lightly wounded.
The redback bites you.
Your corrosive artefact corrodes you!
The redback closely misses you. The boulder beetle bites you!
You impale the boulder beetle!!
The boulder beetle is moderately wounded.
The redback bites you!!
* * * LOW HITPOINT WARNING * * *
Your corrosive artefact corrodes you!
The redback bites you but does no damage.
The boulder beetle bites you but does no damage.
Aiming: Thunderbolt
Press: ? - help, Shift-Dir - straight line, f - boulder beetle
Aim: a boulder beetle (moderately wounded, berserk)
The thunderbolt hits the moth of wrath.
The moth of wrath is lightly wounded.
The thunderbolt hits the boulder beetle.
The boulder beetle is moderately wounded.
The redback bites you but does no damage.
The redback bites you!
* * * LOW HITPOINT WARNING * * *
The boulder beetle bites you but does no damage.
The redback bites you but does no damage.
The boulder beetle bites you!!
You die...

...# #....## ##.....#####..###
...####...#######............P##.
#...##......##.###..!..P##....###
..>...............###............
.....###....###.#.###.#P.P#...#..
...### #.##.# ###.##.....###...#.
...#####.##.# #.##..#...##.....
.####..#.##.########..........##.
......[..####†yB@# #.##......##..
.PP.#.#P####..>s#######P..#..###.
.#########......#.## ##.##..###.
.# ##^^.^.##..# #...#..##. .#
##^..^.##...# ##.........
.#######.^.^^####.## #P...#.#.##
..P#....^^.### #>.# #...######
.........########.## #...#.# #
.P.#....#####.##..## ##....# #


You could see a boulder beetle (berserk), a moth of wrath and a redback
(berserk).

Vanquished Creatures
  Rupert (Lair:3)
  A tengu reaver (D:15)
  Agnes (D:13)
  A fire giant (D:15)
  An orc warlord (Orc:2)
  A frost giant (D:15)
  Nessos (D:14)
  A spark wasp (shapeshifter) (D:15)
  An ettin (D:15)
  A great orb of eyes (D:15)
  3 vault guards (D:14)
  The ghost of math4jedi the Cleaver, a journeyman MiBe of Trog (Orc:1)
  7 hydras
  2 rakshasas
  3 death knights (D:15)
  An ogre mage (D:15)
  A catoblepas (D:15)
  3 two-headed ogres
  5 boulder beetles
  Erica (D:10)
  11 centaur warriors
  A deep troll earth mage (D:15)
  3 tengu warriors
  20 death yaks
  Urug (Orc:2)
  Sonja (Lair:4)
  An orc high priest (Orc:1)
  A shadow wraith (D:15)
  Amaemon (Lair:2)
  A fire crab (shapeshifter) (D:15)
  5 skeletal warriors
  6 orc knights
  2 necromancers
  Pikel (D:7)
  2 wizards (D:14)
  2 phantasmal warriors (D:15)
  A shining eye (shapeshifter) (D:9)
  5 deep elf pyromancers
  12 ugly things
  3 orc sorcerers (Orc:2)
  3 wolf spiders
  6 manticores
  An elephant (shapeshifter) (D:14)
  4 elephants
  11 cyclopes
  An ice statue (D:11)
  2 black mambas
  A guardian serpent (shapeshifter) (D:15)
  4 gargoyles
  An orange demon (Lair:1)
  Maggie (D:6)
  8 rime drakes
  11 cane toads
  6 yaktaurs
  8 komodo dragons
  3 tengu conjurers (D:15)
  An efreet (D:13)
  5 freezing wraiths
  2 ice devils (D:11)
  9 trolls
  5 polar bears
  2 meliai (D:15)
  6 hornets
  A polar bear (shapeshifter) (D:15)
  13 blink frogs
  8 dream sheep
  19 slime creatures
  2 centaur simulacra (D:15)
  A jumping spider (Lair:2)
  A shadow (D:9)
  Sigmund (D:6)
  36 yaks
  12 spriggans (Lair:5)
  6 wyverns
  A wraith (D:15)
  19 humans (D:14)
  5 basilisks
  A death yak simulacrum (D:11)
  4 redbacks (Lair:2)
  9 vampire mosquitoes
  A redback simulacrum (D:15)
  Menkaure (D:7)
  5 steam dragons
  2 wargs (Orc:1)
  A naga (shapeshifter) (D:15)
  An acid dragon (shapeshifter) (D:15)
  An acid dragon (D:7)
  11 water moccasins
  3 ice beasts
  4 black bears (Lair:5)
  43 orc warriors
  A sky beast (D:7)
  19 wolves
  11 centaurs
  10 ogres
  6 boggarts
  3 lemures (D:7)
  2 phantoms
  3 necrophages
  9 bullfrogs
  2 gnoll sergeants
  4 scorpions
  An earth elemental (D:14)
  A cane toad simulacrum (D:11)
  5 wights
  A troll zombie (D:10)
  4 howler monkeys (D:5)
  An electric eel (Lair:3)
  10 hounds
  Crazy Yiuf (D:2)
  19 orc priests
  3 jellies (D:5)
  3 iguanas
  33 orc wizards
  A troll simulacrum (D:11)
  7 ogre zombies (D:10)
  A wolf simulacrum (D:11)
  5 adders
  30 gnolls
  3 ufetubi
  2 worms (D:2)
  3 dart slugs
  101 orcs
  7 endoplasms
  2 giant cockroaches
  15 goblins
  9 hobgoblins
  13 jackals (D:5)
  9 quokkas
  8 ball pythons
  5 bats
  A frilled lizard (D:2)
  3 goblin zombies (D:10)
  2 hobgoblin skeletons (D:10)
  5 hobgoblin zombies (D:10)
  25 kobolds
  An orc skeleton (D:10)
  13 orc zombies (D:10)
  7 rats
860 creatures vanquished.

Vanquished Creatures (others)
  48 fungi
  77 plants
125 creatures vanquished.

Grand Total: 985 creatures vanquished

Notes
Turn   | Place    | Note
-------+----------+-------------------------------------------
     0 | D:1      | PhantomBowie the Gargoyle Berserker began the quest for the
                  | Orb.
     0 | D:1      | Reached XP level 1. HP: 14/14 MP: 1/1
    96 | D:1      | Found a faded altar of an unknown god.
   237 | D:1      | Reached XP level 2. HP: 4/19 MP: 2/2
   791 | D:1      | Reached XP level 3. HP: 23/23 MP: 3/3
   843 | D:1      | Reached ** piety under Trog
  2334 | D:2      | Found a runed translucent door.
  2335 | D:2      | Noticed Crazy Yiuf
  2345 | D:2      | Killed Crazy Yiuf
  2346 | D:2      | Reached XP level 4. HP: 10/29 MP: 4/4
  2730 | D:2      | Reached XP level 5. HP: 33/33 MP: 5/5
  3028 | D:3      | Found a hide-covered altar of Uskayaw.
  3236 | D:3      | Found a glowing golden altar of the Shining One.
  3236 | D:3      | Found a glowing silver altar of Zin.
  3236 | D:3      | Found a white marble altar of Elyvilon.
  3278 | D:3      | Found an opulent altar of Gozag.
  3761 | D:4      | Reached skill level 1 in Shields
  3935 | D:4      | Found a shimmering altar of Xom.
  3964 | D:4      | Found a burning altar of Makhleb.
  3964 | D:4      | Found a shimmering blue altar of Sif Muna.
  4093 | D:4      | Noticed an ogre
  4152 | D:4      | Killed an ogre
  4153 | D:4      | Reached XP level 6. HP: 27/39 MP: 6/6
  4546 | D:5      | Entered Level 5 of the Dungeon
  4557 | D:5      | Reached *** piety under Trog
  4788 | D:5      | Reached XP level 7. HP: 41/44 MP: 7/7
  4866 | D:5      | Found a sacrificial altar of Ru.
  5101 | D:5      | Reached skill level 5 in Fighting
  5574 | D:4      | Reached skill level 5 in Maces & Flails
  5660 | D:5      | Reached XP level 8. HP: 50/50 MP: 8/8
  5914 | D:5      | Reached skill level 5 in Armour
  6131 | D:5      | Reached **** piety under Trog
  7452 | D:6      | Noticed Sigmund
  7475 | D:6      | Killed Sigmund
  7476 | D:6      | Reached XP level 9. HP: 51/56 MP: 9/9
  7647 | D:6      | Noticed Maggie
  7766 | D:6      | Killed Maggie
  7767 | D:6      | Reached skill level 5 in Shields
  8188 | D:7      | Reached skill level 5 in Dodging
  8254 | D:7      | Noticed Menkaure
  8504 | D:7      | Killed Menkaure
  8782 | D:7      | Found an iron altar of Okawaru.
  8825 | D:7      | Noticed Pikel
  9108 | D:7      | Found a staircase to the Ecumenical Temple.
  9112 | Temple   | Entered the Ecumenical Temple
  9356 | D:7      | Killed Pikel
  9357 | D:7      | Reached XP level 10. HP: 63/64 MP: 10/10
  9550 | D:8      | Found a flagged portal.
  9560 | Bailey   | Entered a bailey
  9651 | Bailey   | Reached ***** piety under Trog
 11827 | D:8      | Found Qaurruz's Jewellery Emporium.
 11916 | D:8      | Found a shadowy altar of Dithmenos.
 12176 | D:8      | Found a basalt altar of Yredelemnul.
 12340 | D:9      | Noticed a two-headed ogre
 12354 | D:9      | Killed a two-headed ogre
 12860 | D:9      | Noticed a boulder beetle
 13224 | D:9      | Found a hazy altar of Hepliaklqana.
 13230 | D:9      | Found a stormy altar of Qazlal.
 13438 | D:9      | Noticed an anaconda
 13450 | D:9      | Noticed a shining eye
 13450 | D:9      | an anaconda changed into a shining eye
 13453 | D:9      | Killed a shining eye
 13454 | D:9      | Reached XP level 11. HP: 20/69 MP: 11/11
 13718 | D:9      | Killed a boulder beetle
 14284 | D:10     | Entered Level 10 of the Dungeon
 14395 | D:10     | Noticed Erica
 14753 | D:10     | Found a bloodstained altar of Trog.
 14849 | D:11     | Noticed a cyan ugly thing
 14942 | D:10     | Found a snail-covered altar of Cheibriados.
 15635 | D:11     | Found a staircase to the Lair.
 16030 | D:11     | Noticed a manticore
 16233 | D:10     | Killed Erica
 16454 | D:10     | Found a staircase to the Orcish Mines.
 16491 | D:10     | Received a gift from Trog
 17288 | D:11     | Noticed an ice dragon
 17423 | D:11     | Noticed a cyclops
 17429 | D:11     | Killed a cyclops
 17573 | D:11     | Killed a manticore
 17574 | D:11     | Reached skill level 1 in Evocations
 17740 | D:11     | Noticed a cyclops
 17754 | D:11     | Killed a cyclops
 17969 | D:11     | Reached XP level 12. HP: 61/77 MP: 12/12
 18115 | D:11     | Reached skill level 10 in Fighting
 18480 | D:11     | Identified a scroll of acquirement
 18521 | D:11     | Noticed a death yak
 18562 | D:11     | Killed a death yak
 18783 | D:11     | Noticed a death yak
 18825 | D:11     | Killed a death yak
 19661 | D:11     | Reached skill level 10 in Armour
 20430 | Lair:1   | Entered Level 1 of the Lair of Beasts
 21626 | Lair:2   | Found a staircase to the Shoals.
 21837 | Lair:2   | Noticed Amaemon
 22246 | Lair:2   | Killed Amaemon
 22361 | Lair:2   | Found a hole to the Spider Nest.
 22616 | Lair:2   | Noticed a boulder beetle
 24498 | Lair:2   | Killed a boulder beetle
 24499 | Lair:2   | Reached skill level 10 in Maces & Flails
 24715 | Lair:3   | Noticed a four-headed hydra
 24740 | Lair:3   | Killed a four-headed hydra
 24741 | Lair:3   | Reached skill level 10 in Shields
 24741 | Lair:3   | Reached XP level 13. HP: 65/84 MP: 13/13
 25992 | Lair:3   | Noticed Rupert
 26068 | Lair:3   | Killed Rupert
 27243 | Lair:4   | Received a gift from Trog
 27466 | Lair:4   | Reached skill level 5 in Evocations
 27845 | Lair:4   | Noticed Sonja
 29175 | Lair:4   | Killed Sonja
 29320 | Lair:5   | Entered Level 5 of the Lair of Beasts
 29338 | Lair:5   | Gained mutation: Your large and strong wings let you fly.
                  | [Gargoyle growth]
 29338 | Lair:5   | Reached XP level 14. HP: 91/91 MP: 14/14
 30910 | Lair:5   | Identified the +3 crystal plate armour "Cokipta" {*Corrode
                  | rPois Int+3 SInv Stlth+}
 32025 | Lair:5   | Found a viscous altar of Jiyva.
 32030 | Lair:5   | Found a staircase to the Slime Pits.
 32600 | Orc:1    | Entered Level 1 of the Orcish Mines
 32816 | Orc:1    | Received a gift from Trog
 33431 | Orc:1    | Found a large runed translucent door.
 33432 | Orc:1    | Noticed math4jedi's ghost (journeyman MiBe)
 33433 | Orc:1    | Found a large runed translucent door.
 33579 | Orc:1    | Killed math4jedi's ghost
 33728 | Orc:2    | Entered Level 2 of the Orcish Mines
 33793 | Orc:1    | Gained mutation: You are clumsy. (Dex -2) [a neqoxec]
 34147 | Orc:2    | Reached skill level 10 in Dodging
 34158 | Orc:2    | Found a staircase to the Elven Halls.
 34207 | Orc:2    | Noticed Urug
 34224 | Orc:2    | Killed Urug
 34349 | Orc:2    | Reached ****** piety under Trog
 34455 | Orc:2    | Reached XP level 15. HP: 98/98 MP: 15/15
 34727 | Orc:2    | Received a gift from Trog
 35016 | Orc:2    | Noticed an orc warlord
 35057 | Orc:2    | Killed an orc warlord
 35322 | Orc:2    | Found Joykhigi's Assorted Antiques.
 35332 | Orc:2    | Bought a scroll of teleportation for 102 gold pieces
 35332 | Orc:2    | Bought a scroll of identify for 68 gold pieces
 35335 | Orc:2    | Bought a scroll labelled SAAS XUMACS for 34 gold pieces
 35505 | Orc:2    | Found Kaaluwal's Jewellery Shop.
 35735 | Orc:2    | Found Ankegue's Antique Armour Shop.
 35739 | Orc:2    | Found Saneg's Antique Weapon Boutique.
 37081 | D:13     | Received a gift from Trog
 37771 | D:13     | Found a shimmering blue altar of Sif Muna.
 38219 | D:14     | Noticed Agnes
 38223 | D:14     | Noticed Nessos
 38357 | D:13     | Killed Agnes
 40056 | D:15     | Entered Level 15 of the Dungeon
 40574 | D:14     | Killed Nessos
 40702 | D:14     | Found Urror's Pet Rocks.
 41007 | D:14     | Reached XP level 16. HP: 106/106 MP: 16/16
 41144 | D:14     | Found a gate to the Vaults.
 41969 | D:14     | Received a gift from Trog
 42907 | D:15     | Found a staircase to the Depths.
 42981 | D:15     | Found a radiant altar of Vehumet.
 42981 | D:15     | Found a sacrificial altar of Ru.
 42982 | D:15     | Found a white marble altar of Elyvilon.
 43393 | D:15     | Noticed a tengu reaver
 43751 | D:15     | Killed a tengu reaver
 45775 | D:15     | Reached skill level 15 in Fighting
 46203 | D:15     | Reached XP level 17. HP: 113/113 MP: 17/17
 46261 | D:15     | Reached skill level 15 in Armour
 47139 | Spider:1 | Entered Level 1 of the Spider Nest
 47183 | Lair:2   | Demolished by a boulder beetle

Illustrated notes

Levels and vault maps discovered:
D:1:      eino_arrival_cavern_b, layout_rooms,
          shapermc_ecumenical_altar_mp_highgroup
D:2:      minmay_chambers_of_twos, layout_basic, minmay_misc_feat_nine_boxes,
          uniq_crazy_yiuf_cottage
D:3:      layout_basic, dreamdust_divine_triumvirate,
          nicolae_uskayaw_murder_on_the_dancefloor,
          nicolae_overflow_crystal_walls
D:4:      layout_rooms, mainiacjoe_overflow_surrounded_room,
          nicolae_overflow_two_pavilions
D:5:      lemuel_castle_with_subvaults [lemuel_castle_interior_carwin_2],
          layout_loops_ring, nicolae_ru_the_path_less_chosen,
          wad_rectangle_vault
D:6:      layout_rooms, minmay_misc_feat_pillars, st_stairs_7, uniq_sigmund,
          uniq_maggie
D:7:      layout_rooms, okawaru_ov_weapons_minmay, temple_hall_moat,
          uniq_menkaure, uniq_pikel
D:8:      layout_basic, lemuel_round_altar, kennysheep_mini_moat, serial_shops,
          nicolae_shop_temple_entry_statues_fountains, enter_bailey_2
D:9:      minmay_clustersquares, layout_basic, mainiacjoe_overflow_big_doors
D:10:     layout_irregular_city, bloody_trog, marbit_many_paths,
          zombieorc2_lemuel, uniq_erica
D:11:     dreamdust_isle_of_ice, layout_loops_ring, david_lair_shrubbed
D:12:     layout_rooms
D:13:     layout_long_grid, gauntlet_entry_generic, grunt_decor_arrowhead,
          lemuel_blue_sif_altar
D:14:     layout_loops_ring, grunt_vaults_entry_tiered, serial_glass,
          glass_columns_a, glass_columns_a, wad_woods_river_04,
          guppyfry_shop_earth, uniq_nessos, uniq_agnes
D:15:     hangedman_slaughterboxes
Temple:   hellmonk_temple_beads
Lair:1:   layout_gridlike
Lair:2:   layout_loops_ring, elwin_shoals_entry_rocks,
          spider_nest_entry_funnel_web, uniq_amaemon
Lair:3:   layout_cave_shapes, serial_bayou_shore_b, lemuel_fruit_tree,
          serial_bayou_shore_a, uniq_rupert
Lair:4:   layout_regular_city, lemuel_fruit_fields, uniq_sonja
Lair:5:   minmay_lair_end_enchanted_forest, layout_concentric_octagons,
          slime_entry_1, grunt_megastairs_1, infiniplex_staircase_pool_2
Spider:1: layout_spider_delve, nicolae_spider_altar_of_dancing
Orc:1:    layout_caves, ebering_ghost_disaster_area, nicolae_orc_pool_cavern
Orc:2:    grunt_orc_community_town_hall, layout_caves,
          grunt_orc_community_big_house_1, grunt_orc_community_big_house_1,
          grunt_orc_community_house_1, grunt_orc_community_house_1,
          grunt_orc_community_house_1, grunt_orc_community_house_2,
          grunt_orc_community_house_1, mines1_david, uniq_urug

Skill      XL: |  1  2  3  4  5  6  7  8  9 10 11 12 13 14 15 16 17 |
---------------+----------------------------------------------------+-----
Dodging        | 2 3 4 5 6 7 8 9 10 11 | 11.7
Armour         | 3 4 5 7 8 9 10 11 12 13 14 15 | 15.0
Fighting       | 4 5 6 7 8 9 10 11 13 14 15 | 15.1
Maces & Flails | 4 5 7 8 9 10 11 12 13 14 | 14.0
Shields        | 1 2 3 4 6 7 8 10 11 12 13 14 | 14.5
Evocations     | 1 4 5 |  5.0

Action                   |  1- 3 |  4- 6 |  7- 9 | 10-12 | 13-15 | 16-18 || total
-------------------------+-------+-------+-------+-------+-------+-------++-------
Melee: Mace              |   140 |   100 |   371 |       |       |       ||   611
       Punch             |     2 |       |       |       |       |       ||     2
       Morningstar       |       |       |    88 |  1159 |       |       ||  1247
       Demon whip        |       |       |       |    11 |  1257 |       ||  1268
       Eveningstar       |       |       |       |       |   746 |   637 ||  1383
Throw: Throwing net      |       |       |       |     2 |     1 |       ||     3
Invok: Berserk           |     1 |     1 |       |     6 |     7 |     2 ||    17
Evoke: Wand              |       |       |     4 |     6 |     8 |       ||    18
       Lightning rod     |       |       |       |       |       |     1 ||     1
  Use: Scroll            |       |     5 |     2 |    10 |    10 |     3 ||    30
       Potion            |       |       |       |       |     1 |     1 ||     2
Armor: Ring mail         |    48 |    53 |    54 |       |       |       ||   155
       Animal skin       |     2 |       |       |       |       |       ||     2
       Scale mail        |       |       |    94 |       |       |       ||    94
       Acid dragon scale |       |       |    52 |    16 |       |       ||    68
       Plate armour      |       |       |       |   705 |   214 |       ||   919
       Crystal plate arm |       |       |       |       |   651 |   526 ||  1177
Dodge: Dodged            |    84 |    70 |   245 |   516 |   650 |   225 ||  1790
Block: Buckler           |       |     8 |    65 |   281 |   235 |       ||   589
       Kite shield       |       |       |       |       |   320 |   349 ||   669
